[Event "Champions Chess Tour Chessable Masters 2023"]
[Site "Chess.com"]
[Date "2023.04.06"]
[Round "3"]
[White "Carlsen, Magnus"]
[Black "Nakamura, Hikaru"]
[Result "0-1"]
[WhiteElo "2853"]
[BlackElo "2775"]
[ECO "A28"]
[EventDate "2023.??.??"]
[Annotator "rafael"]
[PlyCount "126"]
[Beauty "6186539683851"]
[EventType "team-tourn"]
[TimeControl "900+3"]

1.c4 Nf6 2.Nc3 e5 3.Nf3 Nc6 4.d4 {Carlsen likes the English Opening and plays it often, but the text move is a new weapon in his arsenal, as I haven't found any games of his with this move.} 4...exd4 5.Nxd4 Bb4 6.g3 O-O 7.Bg2 Re8 ( 7...Bxc3+ {Capturing on c3 is a critical move.} 8.bxc3 Ne5 9.c5 Qe7 {with a complicated middlegame.} ) 8.O-O h6 {This is a new move. Black normally captures the knight as soon as it's unpinned.} ( 8...Bxc3 9.bxc3 {We arrive at a typical position: White has the bishop pair and better development, while Black has the better pawn structure. I prefer to play with White.} ) 9.Nd5 Nxd5 {Black has to capture the knight.} ( 9...Bf8 $2 10.Nb5 $1 {[%c_effect b5;square;b5;type;GreatFind;persistent;true] leads to a much better position for White after} 10...Nxd5 11.cxd5 Ne5 12.d6 $1 ) 10.cxd5 Nxd4 11.Qxd4 {This position is strategically dangerous for Black, who runs the risk of becoming passive, while White exploits the better pawn structure and the semi-open c-file.} 11...Qe7 $6 ( 11...Bf8 $6 {[%c_effect f8;square;f8;type;Inaccuracy;persistent;true] is too passive.} ) ( 11...a5 12.a3 Be7 {Black's position is acceptable. One idea is to advance the c-pawn:} 13.Be3 c5 $1 {[%c_effect c5;square;c5;type;GreatFind;persistent;true] And Black gets rid of the main potential problem: the backward pawn on c7.} ) 12.Be3 Bd6 13.Rfd1 $1 {[%c_effect d1;square;d1;type;GreatFind;persistent;true] A very good prophylactic move, avoiding the advance of the c-pawn.} ( 13.Rac1 c5 $1 ) 13...b6 ( 13...Be5 14.Qd2 d6 15.Rac1 {Here we can clearly see the problem with Black's position: the pawn on c7 will be a constant source of headache.} ) 14.Qd2 a5 15.Rac1 Rb8 {An odd move, but Nakamura takes the rook off the dangerous diagonal and has his eye on Bc5 or Bb4.} 16.Bf4 ( 16.Bf3 $1 {[%c_effect f3;square;f3;type;GreatFind;persistent;true] A subtle move, defending the e2-pawn and preparing to reinforce the position with Bd4 followed by e3. White has the advantage.} ) 16...Ba6 ( 16...Bb4 $1 {[%c_effect b4;square;b4;type;GreatFind;persistent;true] is better.} 17.Qc2 d6 {The bishop will go back to c5, and the position is not so bad anymore.} ) 17.e4 ( 17.Bxd6 {is possible to avoid the bishop from getting away.} ) 17...Bxf4 ( 17...Bb4 $1 {[%c_effect b4;square;b4;type;GreatFind;persistent;true] Again, this is the best chance. Black needs to sacrifice a pawn.} 18.Qc2 Bc5 $1 19.Bxc7 Rbc8 20.d6 Qf6 {With good compensation since the bishops are active and there are tactical chances. But it's very hard to evaluate this position in a rapid game.} ) 18.Qxf4 d6 19.Rc3 {White now has a comfortable advantage, with more space, a better pawn structure, and endless pressure on the c7-pawn. To be honest, I think Nakamura is the only player in the world capable of defending a position like this in a rapid game against Carlsen.} 19...Qd8 20.Rdc1 Re7 21.h4 Bb5 22.g4 $1 {[%c_effect g4;square;g4;type;GreatFind;persistent;true] White won't win just by attacking c7: more weaknesses need to be created. The kingside advance fulfills this purpose.} 22...f6 23.g5 $6 {[%c_effect g5;square;g5;type;Inaccuracy;persistent;true] This move is a bit rushed. White could better reinforce his position before playing it.} ( 23.Bh3 Qe8 24.f3 {Maybe followed by Kh2, Rg1 and so on.} ) 23...fxg5 24.hxg5 Rf7 $1 25.Qg3 hxg5 $6 {[%c_effect g5;square;g5;type;Inaccuracy;persistent;true] A difficult decision. Taking the pawn with the queen leads to a rook endgame with good drawing chances.} ( 25...Qxg5 26.Qxg5 hxg5 27.Bh3 $1 ( 27.Rxc7 g4 $1 {[%c_effect g4;square;g4;type;GreatFind;persistent;true] is not dangerous.} ) 27...Bd7 $1 28.Bxd7 Rxd7 29.Rxc7 Rxc7 30.Rxc7 Rf8 $1 31.Rc6 Rf4 32.Rxd6 Rxe4 33.Rxb6 Kf7 {Black is likely to escape.} ) 26.Bh3 Bd7 27.Rxc7 Bxh3 28.Rxf7 Kxf7 29.Qxh3 {With the queens on the board, the position is more difficult to defend since the black king is insecure.} 29...Qf6 ( 29...Qe7 30.Qh7 $1 {[%c_effect h7;square;h7;type;GreatFind;persistent;true] This is the same idea that we will see in the game. Black's king is left without a refuge.} ) 30.Qh7 $6 {[%c_effect h7;square;h7;type;Inaccuracy;persistent;true] Chess is a difficult game. Carlsen finds this subtle idea, but in this position, a more prosaic move would be better.} ( 30.Rc6 $1 {[%c_effect c6;square;c6;type;GreatFind;persistent;true] If now Black tries to run with the king, then:} 30...Kg8 31.Qe6+ $1 Qxe6 32.dxe6 {with excellent winning chances.} ) 30...Rf8 $1 {[%c_effect f8;square;f8;type;GreatFind;persistent;true] The only possible defense, trying to counterattack on f2. Nakamura's resources are legendary, and he will prove his skill once again.} 31.Rc7+ ( 31.e5 $5 {[%c_effect e5;square;e5;type;Interesting;persistent;true] This treacherous move gives good practical winning chances.} 31...dxe5 ( 31...Qxe5 $2 {[%c_effect e5;square;e5;type;Mistake;persistent;true] This loses after} 32.Rc7+ Ke8 33.Qc2 $3 {[%c_effect c2;square;c2;type;Brilliant;persistent;true] A brilliant move, attacking and defending simultaneously. The queen heads to c6 and guards f2.} ) 32.Rc7+ ( 32.Rc6 {is also interesting:} 32...Qd8 33.Qg6+ Kg8 34.Qe6+ Kh7 {The only move for Black to survive.} ( 34...Kh8 $2 35.d6 Qf6 36.Qxf6 gxf6 37.d7 Rd8 38.Rc8 {loses because the d7-pawn cannot be captured.} ) 35.d6 Qf6 $1 36.Qxf6 gxf6 37.d7 Rd8 {with a draw.} ) 32...Ke8 33.Qc2 Qd6 {Absolutely forced. The computer keeps finding defensive moves, but it's hard to believe Black can escape this with just a few minutes on the clock—although, Nakamura is used to proving that nothing is impossible.} ) 31...Ke8 32.Rc8+ Ke7 33.Rxf8 Kxf8 {The endgame is a draw, but Carlsen now shows us his specialty: supreme endgame technique.} 34.Qh8+ Kf7 35.Qc8 Qe5 ( 35...Qf4 {is also good.} ) 36.Qg4 ( 36.Qc7+ Kg8 37.Qxb6 Qxe4 38.Qxd6 Qg4+ 39.Qg3 Qd1+ {with a draw.} ) 36...Kg6 37.Kg2 Kf6 38.a4 Ke7 $6 {[%c_effect e7;square;e7;type;Inaccuracy;persistent;true] This move is inaccurate, and now the position becomes dangerous.} ( 38...g6 $1 39.Kf3 Qd4 40.Qe6+ Kg7 {and the position remains equal.} ) 39.Kf3 g6 $2 {[%c_effect g6;square;g6;type;Mistake;persistent;true] This move loses in a didactic and spectacular way. The mistake is understandable: Nakamura probably wanted to avoid the queen exchange after 39...Kf7 40.Qf5+. But he allows the exchange in another square.} ( 39...Kf7 40.Qf5+ $1 {[%c_effect f5;square;f5;type;GreatFind;persistent;true] The endgame is interesting. After:} 40...Qxf5+ 41.exf5 Kf6 42.Kg4 g6 43.fxg6 Kxg6 44.f4 gxf4 45.Kxf4 Kf6 46.b3 Kg6 47.Ke4 Kf6 48.Kd4 Kf5 49.Kc4 Ke5 50.Kb5 Kxd5 51.Kxb6 Kd4 52.Kxa5 Kc3 53.b4 d5 54.b5 d4 55.b6 d3 56.b7 d2 57.b8=Q d1=Q {The position is a tablebase draw, but queen endgames like this are hard to defend.} ) ( 39...Kf6 40.Qg3 $1 {[%c_effect g3;square;g3;type;GreatFind;persistent;true] This is still annoying for Black to defend.} ) 40.Ke3 $2 ( 40.Qe6+ $1 {[%c_effect e6;square;e6;type;GreatFind;persistent;true] The pawn endgame is won in fantastic fashion. The variations are reminiscent of compositions by Troitsky, Checkover, Grigoriev, and many other geniuses who gave us their brilliant studies in king and pawn endings.} 40...Qxe6 41.dxe6 Kxe6 42.Kg4 Ke5 43.f3 Kf6 ( 43...Kd4 {loses in a straightforward way:} 44.Kxg5 Ke3 45.Kxg6 Kxf3 46.Kf5 Ke3 47.Ke6 Kxe4 48.Kxd6 Kd4 49.Kc6 Kc4 50.Kxb6 Kb4 51.b3 Kxb3 52.Kxa5 Kc4 53.Kb6 ) 44.b3 Kf7 ( 44...Kg7 {This makes White's life easier:} 45.Kxg5 Kf7 46.Kh6 Kf6 47.f4 Kf7 48.Kh7 Kf6 49.Kg8 g5 50.fxg5+ Kxg5 51.Kf7 Kf4 52.Ke6 {Again, White wins the race.} 52...Kxe4 53.Kxd6 Kd4 54.Kc6 Kc3 55.Kxb6 Kxb3 56.Kxa5 Kc4 57.Kb6 ) 45.Kxg5 Kg7 46.f4 Kf7 47.f5 gxf5 48.exf5 $1 d5 49.Kg4 $3 {[%c_effect g4;square;g4;type;Brilliant;persistent;true] This is the only winning move. White needs to triangulate. Not even Carlsen can calculate this far to make a decision within seconds.} ( 49.Kf4 $2 Kf6 ) 49...Ke7 ( 49...Kf6 50.Kf4 d4 51.Ke4 d3 52.Kxd3 Kxf5 53.Kc4 {White is in time to attack the pawns.} ) 50.Kf3 $1 Kd6 51.Kf4 $1 d4 52.Ke4 {with an easy win.} ) 40...Qf6 {Now the position is drawn again.} 41.Kd3 Kd8 42.Qg3 Kc7 43.Kc2 Kb7 44.Kb3 Qd4 {Other moves are possible, but this is good enough.} 45.Qxd6 Qd3+ 46.Ka2 Qc4+ ( 46...Qxe4 {is also a draw.} ) 47.Ka3 Qd3+ 48.b3 Qd4 $1 49.Qc6+ Ka7 50.Qc7+ Ka8 51.Qc1 g4 $2 {[%c_effect g4;square;g4;type;Mistake;persistent;true] After this move, White again gets good winning chances.} ( 51...Qxf2 {is possible, as Black is in time to control the pawns with a few precise moves.} 52.e5 ( 52.d6 Qd4 $1 ) 52...g4 53.d6 ( 53.e6 Qf8+ $1 54.Ka2 Qf2+ {with a draw.} ) 53...Qd4 $1 {[%c_effect d4;square;d4;type;GreatFind;persistent;true] and Black defends.} ) ( 51...Qxe4 {is also possible:} 52.Qc6+ Ka7 53.Qc7+ Ka8 ( 53...Ka6 $4 54.Qc4+ Qxc4 55.bxc4 {with an easily winning endgame.} ) 54.Qxb6 Qe1 {Black should be able to draw, although the game is not over.} ) 52.Qe1 $1 {[%c_effect e1;square;e1;type;GreatFind;persistent;true] The checks are under control, and the e-pawn is ready to advance.} 52...Kb7 ( 52...Qe5 53.Ka2 $1 {[%c_effect a2;square;a2;type;GreatFind;persistent;true] Necessary to avoid check on a1.} 53...Kb7 54.Qe2 {Black cannot sustain the e4-pawn blockade.} ) 53.e5 $1 Qxd5 54.e6 Qc5+ 55.Kb2 Qe7 56.Qe4+ $2 {[%c_effect e4;square;e4;type;Mistake;persistent;true] This natural move squanders the advantage.} ( 56.Qe5 $1 {[%c_effect e5;square;e5;type;GreatFind;persistent;true] is stronger. White's plan is to take the king to the other flank, attacking the g4-pawn. Black is without counterplay.} 56...Kc6 57.Kc3 {White has a winning advantage.} ) 56...Kc7 57.Qe5+ ( 57.Qxg6 Kd6 58.Qxg4 Qf6+ {The f2-pawn is captured.} ) 57...Qd6 58.Qg7+ Kc6 59.Qxg6 Qe5+ 60.Ka2 Qe2+ 61.Ka3 Kd6 62.e7+ Kxe7 63.Qf6+ $4 {[%c_effect f6;square;f6;type;Blunder;persistent;true] Many will remember this game for this mouse slip, but to be honest, it didn't make much difference in the outcome of the match, as Nakamura would certainly manage to draw after} ( 63.Qxb6 Qe5 $1 64.Qb7+ Kd8 ) 63...Kxf6 {A wonderful match between two legendary players.} 0-1

[Event "Champions Chess Tour Chessable Masters 2023"]
[Site "Chess.com"]
[Date "2023.04.07"]
[Round "5"]
[White "Caruana, Fabiano"]
[Black "Nakamura, Hikaru"]
[Result "0-1"]
[WhiteElo "2764"]
[BlackElo "2775"]
[ECO "A28"]
[EventDate "2023.??.??"]
[Annotator "rafael"]
[PlyCount "118"]
[Beauty "6464328442452"]
[EventType "team-tourn"]
[TimeControl "900+3"]

1.c4 Nf6 2.Nc3 e5 3.Nf3 Nc6 4.e4 Bb4 5.d3 d6 6.a3 Bc5 7.b4 Bb6 8.h3 {A very rare move. The intention is to avoid …Bg4 and the exchange on f3, which accentuates the weakness of the d4-square.} ( 8.Na4 ) ( 8.Be3 ) 8...Nd4 9.Be3 Nxf3+ 10.Qxf3 Bxe3 11.Qxe3 O-O 12.g3 {It's also possible to speed up development by placing the bishop on e2. The advantage of the move played in the game is that the bishop on g2 prevents the c6-d5 advance and supports the kingside advance with f2-f4.} ( 12.Be2 ) 12...c6 13.Bg2 Qb6 ( 13...a5 {The computer considers the position equal after this move, but in my opinion, White has the easier game after 14.0-0 followed by the f2-f4 advance.} 14.O-O ) 14.Qd2 {More combative than allowing the exchange of queens.} ( 14.O-O $6 Qxe3 15.fxe3 Be6 {with an equal endgame.} ) ( 14.Qxb6 axb6 {White has a small advantage here, but the character of the game has changed.} ) 14...a5 15.b5 cxb5 ( 15...a4 $1 {[%c_effect a4;square;a4;type;GreatFind;persistent;true] is the best plan to fight for equality. The knight should go to c5 and the pawn on a4 supports a possible jump to b3, granting counterplay.} 16.O-O Nd7 ) 16.Nxb5 Bd7 17.Nc3 ( 17.Rb1 $1 {[%c_effect b1;square;b1;type;GreatFind;persistent;true] is more accurate. White has a small advantage after} 17...Bxb5 18.Rxb5 Qc7 19.O-O Nd7 20.Rfb1 Nc5 21.d4 exd4 22.Qxd4 ) 17...Bc6 18.O-O Nd7 19.Rab1 Qc5 20.Rb3 Rfe8 21.Kh2 Nf8 22.f4 f6 ( 22...Ne6 {Taking the knight to d4 is natural, but White has the advantage after} 23.f5 Nd4 24.Rb2 f6 25.a4 $1 {[%c_effect a4;square;a4;type;GreatFind;persistent;true] Stabilizing the pawn structure on the queenside. White will prepare the pawn advance on the kingside and Black has no active plan.} ) 23.f5 Nd7 24.g4 Ra6 {Preparing to take the rook to b6 and start the counterplay.} 25.Ne2 $6 ( 25.g5 {It's better to start advancing the pawns immediately.} 25...Rb6 26.Rxb6 Qxb6 27.h4 {With chances for both sides. White's attack isn't very strong, but the a-pawn won't be captured like in the game.} ) 25...Rb6 26.Rxb6 Qxb6 27.h4 Qc5 $1 {[%c_effect c5;square;c5;type;GreatFind;persistent;true] A very cold-blooded plan. Nakamura correctly judges that White's attack is not decisive and that there's time to capture the pawn on a3 and return with the queen. It takes tremendous knowledge of chess to play like this. Most chess players would bring the queen to the defense immediately.} 28.g5 Qxa3 29.Ng3 Qb4 30.Qe2 Qb6 31.Nh5 Qd8 {It transpires that White has no clear way to increase the attack and now Black is a pawn up and it's a passed one.} 32.Rg1 ( 32.g6 {is not dangerous after} 32...Re7 $1 ( 32...h6 $2 {[%c_effect h6;square;h6;type;Mistake;persistent;true] This move is dangerous because of the surprising} 33.c5 $1 {[%c_effect c5;square;c5;type;GreatFind;persistent;true] with the idea of bringing the queen to the attack after} 33...Nxc5 34.Qa2+ Kh8 35.Nxg7 $1 Kxg7 36.Qf7+ Kh8 37.Qh7# ) 33.gxh7+ Kh8 {with a safe position.} ) 32...Kh8 33.Bf3 Rg8 34.Qd2 a4 35.Bd1 Qe7 36.Qa5 {Trying to recover the pawn on a4, but now it's Black who starts the attack on the kingside.} 36...g6 $1 37.fxg6 hxg6 38.Ng3 ( 38.Nxf6 {is hopeless:} 38...Nxf6 39.gxf6 Qxf6 ) 38...fxg5 39.h5 g4 {A smart move, paving the way for the queen.} ( 39...gxh5 {is the machine's suggestion.} 40.Nf5 Qd8 41.Qxd8 Rxd8 42.Rxg5 Nc5 43.Rxh5+ Kg8 {and White should lose the endgame, as the counterplay is not enough.} ) 40.Kg2 $6 ( 40.Rh1 $1 {[%c_effect h1;square;h1;type;GreatFind;persistent;true] gives better chances to muddy the waters after} 40...Kg7 41.hxg6 Kxg6 42.Nf5 Rh8+ 43.Kg3 Qf6 44.Rxh8 Qxh8 45.Bxg4 ) 40...gxh5 41.Nxh5 Rg6 $2 {[%c_effect g6;square;g6;type;Mistake;persistent;true] This move allows White to recover the pawn.} ( 41...Qd8 {is better, as the a-pawn is protected.} 42.Qe1 ( 42.Qd2 Qg5 ) 42...Rg6 {with a clear advantage.} ) 42.Ng3 $2 ( 42.Bxa4 $1 {[%c_effect a4;square;a4;type;GreatFind;persistent;true] Caruana should have taken the pawn. White has enough compensation after} 42...Bxa4 43.Qxa4 Nc5 44.Qa8+ Rg8 45.Qa2 {with a double-edged position. White wants to play 46.Rh1 and Black's king is not very safe.} ) 42...Qf8 43.Rh1+ ( 43.Bxa4 $2 Qf3+ ) 43...Kg8 44.Rh5 Nc5 45.Rf5 Qe7 {Black has stabilized the position and has two more pawns, with a decisive advantage.} 46.Be2 Ne6 47.Kf2 Nd4 ( 47...Qh4 {leads to a simple win.} ) 48.Rh5 Bd7 49.Bd1 Kg7 50.Kg2 Kg8 $2 {[%c_effect g8;square;g8;type;Mistake;persistent;true] Both players were in severe time trouble and Nakamura hesitated.} ( 50...Rh6 $1 51.Rxh6 Kxh6 52.Bxa4 Bxa4 53.Qxa4 Qh4 {The queen invades and Black wins.} ) 51.Bxa4 Qf8 ( 51...Bxa4 {still keeps some pressure after} 52.Qxa4 Ne6 ) 52.Bd1 $2 ( 52.Bxd7 $1 {[%c_effect d7;square;d7;type;GreatFind;persistent;true] is the correct move. The game ends in a draw after:} 52...Qf3+ 53.Kh2 Qf2+ 54.Kh1 Qf3+ 55.Kh2 Qf2+ ) 52...Ne6 $1 {[%c_effect e6;square;e6;type;GreatFind;persistent;true] The knight heads to f4 and Nakamura is winning again.} 53.Kg1 Nf4 54.Rh2 Nh3+ 55.Kh1 Rh6 56.Qd2 Qf4 ( 56...Nf2+ {wins a piece after} 57.Kg2 Rxh2+ 58.Kxh2 Nxd1 59.Qxd1 Qf2+ 60.Kh1 Qxg3 ) 57.Qe1 ( 57.Qxf4 exf4 {is also hopeless.} ) 57...Nf2+ 58.Kg2 Rxh2+ 59.Kxh2 Nxd1 ( 59...Nxd1 60.Qxd1 Qf2+ 61.Kh1 Qxg3 ) 0-1